 Dungeon Crawl Stone Soup version 0.25-a0-292-gaa31f04 (webtiles) character file.

Game seed: 10554831670029151032, levelgen mode: deterministic

5891 TrebsMcFury the Magician (level 10, -5/78 (79) HPs)
             Began as a Gnoll Skald on Dec 15, 2019.
             Was a Follower of Ashenzari.
             Slain by a gnoll sergeant
             ... wielding the +8 trident of Nemelex Xobeh's Esteem {venom, rF+ Str+4}
              (14 damage)
             ... on level 7 of the Dungeon.
             The game lasted 00:21:12 (6415 turns).

TrebsMcFury the Magician (Gnoll Skald)              Turns: 6415, Time: 00:21:12

HP:   -5/78 (79)    AC: 11    Str: 21    XL:     10   Next: 82%
MP:   19/21         EV: 15    Int: 15    God:    Ashenzari [*.....]
Gold: 321           SH:  5    Dex: 15    Spells: 15/24 levels left

rFire    + . .     SeeInvis +   E - +8 war axe of the Orange Skies {venom, rElec rN+ Str+4 SInv}
rCold    . . .     Gourm    .   H - +0 buckler
rNeg     + . .     Faith    .   I - +2 ring mail {rPois}
rPois    +         Spirit   .   g - +2 hat
rElec    +         Reflect  .   J - +0 cloak
rCorr    .         Harm     .   (no gloves)
MR       .....                  (no boots)
Stlth    ++........             (no amulet)
HPRegen  0.23/turn              h - ring of flight
MPRegen  0.17/turn              m - ring of protection from fire

@: no status effects
A: distributed training, fangs 1, strong nose
a: Curse Item, Scrying, Renounce Religion, Evoke Flight


You were on level 7 of the Dungeon.
You worshipped Ashenzari.
Ashenzari was aware of your devotion.
You were hungry.

You visited 2 branches of the dungeon, and saw 9 of its levels.
You also visited: Sewer.

You collected 477 gold pieces.
You spent 156 gold pieces at shops.

Inventory:

Hand Weapons
 E - the +8 war axe of the Orange Skies (weapon) {venom, rElec rN+ Str+4 SInv}
   (You found it on level 5 of the Dungeon)

   It poisons the flesh of those it strikes.
   It affects your strength (+4).
   It insulates you from electricity.
   It protects you from negative energy.
   It lets you see invisible.
 F - a +3 spear
 G - a +2 spear of flaming
 L - a +0 falchion of flaming
Missiles
 q - 52 poisoned darts (quivered)
 y - 14 javelins
Armour
 g - a +2 hat (worn)
 u - a +0 ring mail of cold resistance
 A - a +0 large shield
 H - a +0 buckler (worn)
 I - a +2 ring mail of poison resistance (worn)
 J - a +0 cloak (worn)
Jewellery
 h - a ring of flight (left hand)
 m - a ring of protection from fire (right hand)
Wands
 l - a wand of polymorph (8)
 n - a wand of disintegration (7)
 p - a wand of random effects (13)
 K - a wand of paralysis (17)
Scrolls
 b - a scroll of blinking
 i - 2 scrolls of random uselessness {unknown}
 r - a scroll of immolation {unknown}
 t - a scroll of identify
 v - 5 scrolls of teleportation {unknown}
 w - 3 scrolls of magic mapping
 x - a scroll of amnesia
 D - 4 scrolls of remove curse
Potions
 a - 2 potions of might
 c - 3 potions of heal wounds
 e - a potion of haste
 f - 7 potions of flight
 j - 2 potions of curing
 k - 3 potions of brilliance
 o - 2 potions of mutation
 s - a potion of magic
 z - 3 potions of lignification
 B - 2 potions of resistance
 C - a potion of ambrosia
Comestibles
 d - 19 rations


   Skills:
 + Level 7.2 Fighting
 + Level 5.5 Short Blades
 + Level 5.5 Long Blades
 + Level 5.5 Axes
 + Level 5.5 Maces & Flails
 + Level 7.2 Polearms
 + Level 5.5 Staves
 + Level 5.5 Slings
 + Level 5.5 Bows
 + Level 5.5 Crossbows
 + Level 5.5 Throwing
 + Level 6.1 Armour
 + Level 7.2 Dodging
 + Level 5.5 Stealth
 + Level 5.5 Shields
 + Level 5.5 Unarmed Combat
 + Level 7.5 Spellcasting
 + Level 4.5 Conjurations
 + Level 4.5 Hexes
 + Level 7.2 Charms
 + Level 4.5 Summonings
 + Level 4.5 Necromancy
 + Level 4.5 Translocations
 + Level 4.5 Transmutations
 + Level 4.5 Fire Magic
 + Level 4.5 Ice Magic
 + Level 4.5 Air Magic
 + Level 4.5 Earth Magic
 + Level 4.5 Poison Magic
 + Level 6.1 Invocations
 + Level 5.5 Evocations


You had 15 spell levels left.
You knew the following spells:

 Your Spells              Type           Power        Failure   Level  Hunger
a - Infusion              Chrm           ####         1%          1    None
b - Regeneration          Chrm/Necr      ###.......   5%          3    ##.....
c - Spectral Weapon       Hex/Chrm       ###.....     5%          3    ##.....
d - Song of Slaying       Chrm           ####....     1%          2    None

Your spell library contained the following spells:

 Spells                   Type           Power        Failure   Level  Hunger
 Shroud of Golubria       Chrm/Tloc      ###...       2%          2    None
 Sandblast                Erth           ###...       3%          1    None
 Passwall                 Tmut/Erth      ###.....     4%          2    None
 Stone Arrow              Conj/Erth      ###...       9%          3    ##.....
 Petrify                  Tmut/Erth      ###.....     30%         4    ####...
 Lee's Rapid Deconstruct  Erth           ###.......   63%         5    #####..


Dungeon Overview and Level Annotations

Branches:
Dungeon (8/15)             Temple (1/1) D:5           Sewer (visited)
   Lair: D:8-11

Altars:
Ashenzari
Cheibriados
Dithmenos
Elyvilon
Fedhas
Gozag
Hepliaklqana
Kikubaaqudgha
Makhleb
Nemelex Xobeh
Okawaru
Qazlal
Ru
Sif Muna
Uskayaw
Vehumet
Wu Jian
Xom
Zin
The Shining One

Shops:
D:4 (   D:7 ?

Annotations:
D:7 Birdy's ghost, novice DrHu; Grum


Innate Abilities, Weirdness & Mutations

Your experience applies equally to all skills.
You have very sharp teeth.
Your uncanny sense of smell can sniff out nearby items.


Message History

Birdy's ghost hits you.
* * * LOW HITPOINT WARNING * * *
Unknown command.
Unknown command.
There is an open translucent door here.
The gnoll misses you.
Birdy's ghost hits your spectral weapon but does no damage.
Unknown command.
You hit the gnoll.
The gnoll is poisoned.
The gnoll is heavily wounded.
The gnoll closely misses you.
The gnoll sergeant closely misses your spectral weapon.
You barely miss the gnoll.
The gnoll is almost dead.
You hit the gnoll sergeant but do no damage.
The gnoll sergeant is poisoned.
You block the gnoll's attack.
Grum hits you from afar with a -2 glaive of pain!
* * * LOW HITPOINT WARNING * * *
The gnoll sergeant hits you with the +8 trident of Nemelex Xobeh's Esteem {venom, rF+ Str+4}!
You die...

#.#.≈≈#..#8###8#..#≈≈..#
#.#.≈≈##.###.###.##≈≈..#
#.#.≈≈#...........#≈≈..#
#...≈≈###.##'##.###≈≈..#
#...≈≈..#h#...#.#..≈≈..#
###.≈≈.##.'...'.##.≈≈..#
#.≈≈.#..#...#g©#.≈≈..#
#.≈≈.##.##g##g##.≈≈..#
#.....#.#..{#@#..≈≈..#
##....©#!')hgg(#©.≈≈..#
#......#.#8⌠8#.#..≈≈..#
#..≈≈.##.#####.##.≈≈..#
###..≈≈.#..#g:=#..#.≈≈..#
#....≈≈.##.#../#.##.≈≈..#
#.##.≈≈..#.#$$$#.#..≈≈..#
#.##.≈≈###.##'##.###≈≈..#
#....≈≈#........g..#≈≈..#


You could see Grum, a gnoll sergeant, a wolf, 2 gnolls and a friendly spectral
+8 war axe of the Orange Skies {venom, rElec rN+ Str+4 SInv}.

Vanquished Creatures
  A hydra (D:8)
  Pikel (D:8)
  Maurice (D:8)
  2 dream sheep (D:8)
  A hippogriff (D:7)
  Sigmund (D:2)
  A wyvern (D:8)
  2 yaks (D:8)
  An orc warrior (D:8)
  A water moccasin (D:8)
  3 sky beasts (D:6)
  3 necrophages (D:7)
  An ogre (D:6)
  A wolf (D:7)
  A centaur (D:8)
  4 big kobolds
  3 bullfrogs
  A gnoll sergeant (D:5)
  A wyvern zombie (D:7)
  3 scorpions
  A wyvern skeleton (D:8)
  4 wights (D:7)
  2 quasits
  2 centaur zombies
  2 crimson imps
  A bullfrog zombie (D:8)
  A bullfrog skeleton (D:6)
  3 hounds
  3 orc priests
  2 jellies
  Jessica (D:2)
  A gnoll shaman (D:8)
  Ijyb (D:4)
  2 orc wizards (D:6)
  13 worker ants
  A hound zombie (D:7)
  A hound skeleton (D:8)
  A mummy (D:7)
  A howler monkey zombie (D:7)
  7 adders
  9 gnolls
  4 shadow imps
  6 oozes (Sewer)
  An adder zombie (D:6)
  9 worms
  3 dart slugs (D:1)
  6 leopard geckos
  13 orcs
  A ball python (D:2)
  7 bats
  6 giant cockroaches
  5 goblins
  6 hobgoblins
  12 jackals
  2 quokkas
  16 frilled lizards
  8 kobolds
  A leopard gecko skeleton (D:6)
  A quokka skeleton (D:4)
  A quokka zombie (D:7)
  4 rats
204 creatures vanquished.

Vanquished Creatures (others)
  A centaur (D:8)
  A jackal (D:8)
  6 plants (D:7)
  2 spectral weapons (D:8)
10 creatures vanquished.

Grand Total: 214 creatures vanquished

Notes
Turn   | Place    | Note
-------+----------+-------------------------------------------
     0 | D:1      | TrebsMcFury the Gnoll Skald began the quest for the Orb.
     0 | D:1      | Reached XP level 1. HP: 20/20 MP: 6/6
   166 | D:1      | Reached XP level 2. HP: 23/26 MP: 7/7
   683 | D:2      | Noticed Jessica
   691 | D:2      | Killed Jessica
   691 | D:2      | Reached skill level 5 in Spellcasting
   691 | D:2      | Reached skill level 1 in Invocations
   691 | D:2      | Reached XP level 3. HP: 31/31 MP: 7/9
   713 | D:2      | Learned a level 3 spell: Regeneration
   717 | D:2      | Learned a level 3 spell: Spectral Weapon
   720 | D:2      | Learned a level 2 spell: Song of Slaying
   737 | D:2      | Noticed Sigmund
   779 | D:2      | Killed Sigmund
   779 | D:2      | Reached skill level 1 in Short Blades
   779 | D:2      | Reached skill level 1 in Long Blades
   779 | D:2      | Reached skill level 1 in Axes
   779 | D:2      | Reached skill level 1 in Maces & Flails
   779 | D:2      | Reached skill level 1 in Staves
   779 | D:2      | Reached skill level 1 in Slings
   779 | D:2      | Reached skill level 1 in Bows
   779 | D:2      | Reached skill level 1 in Crossbows
   779 | D:2      | Reached skill level 1 in Throwing
   779 | D:2      | Reached skill level 1 in Stealth
   779 | D:2      | Reached skill level 1 in Shields
   779 | D:2      | Reached skill level 1 in Unarmed Combat
   779 | D:2      | Reached skill level 1 in Conjurations
   779 | D:2      | Reached skill level 1 in Hexes
   779 | D:2      | Reached skill level 1 in Summonings
   779 | D:2      | Reached skill level 1 in Necromancy
   779 | D:2      | Reached skill level 1 in Translocations
   779 | D:2      | Reached skill level 1 in Transmutations
   779 | D:2      | Reached skill level 1 in Fire Magic
   779 | D:2      | Reached skill level 1 in Ice Magic
   779 | D:2      | Reached skill level 1 in Air Magic
   779 | D:2      | Reached skill level 1 in Earth Magic
   779 | D:2      | Reached skill level 1 in Poison Magic
   779 | D:2      | Reached skill level 1 in Evocations
   779 | D:2      | Reached XP level 4. HP: 23/38 MP: 8/11
   779 | D:2      | Reached XP level 5. HP: 26/43 MP: 8/12
   841 | D:2      | Reached XP level 6. HP: 43/50 MP: 9/13
  1121 | D:3      | Found a white marble altar of Elyvilon.
  1423 | D:3      | Reached skill level 5 in Fighting
  1423 | D:3      | Reached skill level 5 in Polearms
  1423 | D:3      | Reached skill level 5 in Dodging
  1546 | D:3      | Found a shimmering altar of Xom.
  1547 | D:3      | Found a shimmering altar of Xom.
  1547 | D:3      | Found a shimmering altar of Xom.
  1590 | D:3      | Found a snail-covered altar of Cheibriados.
  1590 | D:3      | Found a hazy altar of Hepliaklqana.
  1593 | D:3      | Found a sacrificial altar of Ru.
  1960 | D:4      | Noticed Ijyb
  1975 | D:4      | Killed Ijyb
  2108 | D:4      | Found a sparkling altar of Nemelex Xobeh.
  2109 | D:4      | Found an opulent altar of Gozag.
  2140 | D:4      | Found Falehinn's Weapon Shoppe.
  2228 | D:4      | Reached XP level 7. HP: 49/56 MP: 13/15
  2643 | D:5      | Entered Level 5 of the Dungeon
  2892 | D:5      | Found a staircase to the Ecumenical Temple.
  2910 | Temple   | Entered the Ecumenical Temple
  2962 | Temple   | Became a worshipper of Ashenzari the Shackled
  3190 | D:5      | Got the war axe of the Orange Skies {venom, rElec rN+ Str+4
                  | SInv}
  3191 | D:5      | Identified the +8 war axe of the Orange Skies {venom, rElec
                  | rN+ Str+4 SInv} (You found it on level 5 of the Dungeon)
  3397 | D:6      | Found a glowing drain.
  3414 | Sewer    | Entered a sewer
  3945 | Sewer    | Reached XP level 8. HP: 63/63 MP: 16/16
  4158 | D:6      | Found a glowing golden altar of the Shining One.
  4748 | D:6      | Found a blossoming altar of Fedhas.
  4748 | D:6      | Found a shimmering blue altar of Sif Muna.
  4800 | D:7      | Reached XP level 9. HP: 66/69 MP: 18/18
  4872 | D:7      | Found a transporter.
  4876 | D:7      | Identified the +8 trident of Nemelex Xobeh's Esteem {venom,
                  | rF+ Str+4}
  4903 | D:7      | Noticed Grum
  4906 | D:7      | Noticed Birdy's ghost (novice DrHu)
  4918 | D:7      | Identified the ring "Lill" {+Blink rN+ Str+3 Int-4 Dex+3}
  4918 | D:7      | Identified the ring "Ledwal" {Fire *Corrode rElec rN+}
  5120 | D:7      | Reached skill level 5 in Armour
  5162 | D:7      | Found Meur's Magic Scroll Boutique.
  5170 | D:7      | Bought a scroll of identify for 24 gold pieces
  5170 | D:7      | Bought a scroll of identify for 24 gold pieces
  5170 | D:7      | Bought a scroll of remove curse for 36 gold pieces
  5170 | D:7      | Bought a scroll of remove curse for 36 gold pieces
  5170 | D:7      | Bought a scroll of remove curse for 36 gold pieces
  5395 | D:7      | Reached * piety under Ashenzari
  5430 | D:7      | Found a transporter.
  5626 | D:8      | Noticed Maurice
  5632 | D:8      | Killed Maurice
  5632 | D:8      | Reached skill level 5 in Invocations
  5692 | D:8      | Reached XP level 10. HP: 57/76 MP: 20/20
  5722 | D:8      | Noticed Pikel
  5734 | D:8      | Killed Pikel
  5748 | D:8      | Reached skill level 5 in Short Blades
  5748 | D:8      | Reached skill level 5 in Long Blades
  5748 | D:8      | Reached skill level 5 in Axes
  5748 | D:8      | Reached skill level 5 in Maces & Flails
  5748 | D:8      | Reached skill level 5 in Staves
  5748 | D:8      | Reached skill level 5 in Slings
  5748 | D:8      | Reached skill level 5 in Bows
  5748 | D:8      | Reached skill level 5 in Crossbows
  5748 | D:8      | Reached skill level 5 in Throwing
  5748 | D:8      | Reached skill level 5 in Stealth
  5748 | D:8      | Reached skill level 5 in Shields
  5748 | D:8      | Reached skill level 5 in Unarmed Combat
  5748 | D:8      | Reached skill level 5 in Evocations
  5814 | D:8      | Noticed a three-headed hydra
  5843 | D:8      | Killed a one-headed hydra
  6415 | D:7      | Slain by a gnoll sergeant

Levels and vault maps discovered:
D:1:      lightli_arrival_boilingwater, layout_basic
D:2:      layout_rooms, uniq_jessica, uniq_sigmund
D:3:      layout_loops_corners, xom_redecorated, nicolae_overflow_hidden_temple,
          lemuel_coloured_pillars_altar
D:4:      layout_loops_ring, grunt_temple_overflow_opulence, first_ration,
          serial_shops, shop_statue, hangedman_feature_mirror,
          minmay_box_of_dots, uniq_ijyb
D:5:      layout_gridville, minmay_temple_entry_junction
D:6:      layout_loops_corners, tso_altar, gammafunk_temple_overflow_elements,
          cheibrodos_sewer_entry_bend
D:7:      layout_loops_ring, serial_shops, shop, serial_undead, serial_undead_f,
          serial_undead_d, serial_undead_d, serial_undead_d,
          gammafunk_ghost_gnarly_gnolls
D:8:      layout_cave_pools, hangedman_ranch [blue_anna_fruit_fields],
          uniq_pikel, uniq_maurice
Temple:   eino_wide_crystal_templ

Skill      XL: |  1  2  3  4  5  6  7  8  9 10 |
---------------+-------------------------------+-----
Spellcasting   | 5 6 7 |  7.5
Invocations    | 1 2 3 4 5 6 |  6.1
Short Blades   | 1 2 3 4 5 |  5.5
Long Blades    | 1 2 3 4 5 |  5.5
Axes           | 1 2 3 4 5 |  5.5
Maces & Flails | 1 2 3 4 5 |  5.5
Staves         | 1 2 3 4 5 |  5.5
Slings         | 1 2 3 4 5 |  5.5
Bows           | 1 2 3 4 5 |  5.5
Crossbows      | 1 2 3 4 5 |  5.5
Throwing       | 1 2 3 4 5 |  5.5
Armour         | 3 4 5 6 |  6.1
Stealth        | 1 2 3 4 5 |  5.5
Shields        | 1 2 3 4 5 |  5.5
Unarmed Combat | 1 2 3 4 5 |  5.5
Conjurations   | 1 2 3 4 |  4.5
Hexes          | 1 2 3 4 |  4.5
Summonings     | 1 2 3 4 |  4.5
Necromancy     | 1 2 3 4 |  4.5
Translocations | 1 2 3 4 |  4.5
Transmutations | 1 2 3 4 |  4.5
Fire Magic     | 1 2 3 4 |  4.5
Ice Magic      | 1 2 3 4 |  4.5
Air Magic      | 1 2 3 4 |  4.5
Earth Magic    | 1 2 3 4 |  4.5
Poison Magic   | 1 2 3 4 |  4.5
Evocations     | 1 2 3 4 5 |  5.5
Fighting       | 5 6 7 |  7.2
Polearms       | 5 6 7 |  7.2
Dodging        | 5 6 7 |  7.2
Charms         | 6 7 |  7.2

Action                   |  1- 3 |  4- 6 |  7- 9 | 10-12 || total
-------------------------+-------+-------+-------+-------++-------
Melee: Spear             |    73 |   146 |    61 |       ||   280
       Bite              |     5 |    16 |    36 |     6 ||    63
       Punch             |       |     1 |     1 |       ||     2
       War axe           |       |       |   209 |    47 ||   256
       Falchion          |       |       |       |     4 ||     4
Throw: Dart              |       |       |     5 |       ||     5
 Cast: Spectral Weapon   |     1 |    13 |    11 |     7 ||    32
       Regeneration      |       |     3 |     5 |     8 ||    16
       Infusion          |       |       |     1 |       ||     1
 Abil: Evoke Flight      |       |       |     1 |       ||     1
Evoke: Wand              |       |       |       |     1 ||     1
  Use: Scroll            |       |     8 |    11 |     2 ||    21
 Stab: Sleeping          |       |     6 |     3 |     2 ||    11
       Distracted        |       |     2 |     2 |     1 ||     5
  Eat: Chunk             |       |     6 |    13 |     3 ||    22
Armor: Leather armour    |     6 |    10 |       |       ||    16
       Ring mail         |       |     7 |    62 |    14 ||    83
Dodge: Dodged            |    28 |    58 |   175 |    57 ||   318
Block: Buckler           |       |       |    48 |    20 ||    68

Table legend:
 A = Non-vault XP
 B = Vault XP
 C = Vault XP percentage of total XP
 D = Non-vault monster count
 E = Vault monster count
 F = Vault count percentage of total count
                 A         B        C        D         E       F
            +---------+---------+-------+---------+---------+-------
      Total |    3730 |    4686 |  55.7 |     149 |      55 |  27.0
            +---------+---------+-------+---------+---------+-------
        D:1 |      31 |       0 |   0.0 |      16 |       0 |   0.0
        D:2 |      57 |     279 |  83.0 |      15 |       2 |  11.8
        D:3 |     122 |       0 |   0.0 |      19 |       0 |   0.0
        D:4 |     202 |      73 |  26.5 |      17 |       4 |  19.0
        D:5 |     334 |       0 |   0.0 |      15 |       0 |   0.0
        D:6 |    1086 |       5 |   0.5 |      24 |       1 |   4.0
        D:7 |     826 |     882 |  51.6 |      18 |      15 |  45.5
        D:8 |    1072 |    3363 |  75.8 |      25 |      10 |  28.6
      Sewer |       0 |      84 | 100.0 |       0 |      23 | 100.0
            +---------+---------+-------+---------+---------+-------
